 Dungeon Crawl Stone Soup version 0.31-a0-1424-g2add1c7226 (webtiles) character file.

Game seed: 11902298875569982751

541 Sonofthefire the Changeling (level 7, 0/52 HPs)
             Began as a Yellow Draconian Shapeshifter on Dec 26, 2023.
             Slain by Jessica
             ... wielding a +0 club
              (3 damage)
             ... on level 3 of the Dungeon.
             The game lasted 00:07:39 (3334 turns).

Sonofthefire the Changeling (DrSh)                  Turns: 3334, Time: 00:07:39

Health: 0/52       AC:  6    Str: 21    XL:     7   Next: 5%
Magic:  16/16      EV: 12    Int: 10    God:
Gold:   213        SH:  0    Dex: 12    Spells: 6/6 levels left

rFire   . .          .
                       - Unarmed
rCold   . . .        (no shield)
rNeg    . . .        (body armour unavailable)
rPois   .            (helmet currently unavailable)
rElec   .            (cloak currently unavailable)
rCorr   +            (gloves currently unavailable)
SInv    .            (boots currently unavailable)
Will    .....        (no amulet)
Stlth   +            h - +6 ring of strength
HPRegen 0.28/turn    p - ring of magical power
MPRegen 0.15/turn

%: no passive effects
@: beast-form, flying
A: beast (slay +4), flying, spit acid, AC +6, unfitting armour, cold-blooded,
acid resistance, big wings, stinger 1, weak 1, MP-powered wands
a: Breathe Acid, Begin Untransformation


You were on level 3 of the Dungeon.
You were a hulking beast.
You visited 1 branch of the dungeon, and saw 3 of its levels.

You collected 213 gold pieces.

Inventory:

Jewellery
 h - a +6 ring of strength (left hand)
 p - a ring of magical power (right hand)
Talismans
 b - a beast talisman (active)
 c - a flux talisman
 g - a storm talisman
 n - a maw talisman
Wands
 j - a wand of polymorph (9)
 r - a wand of flame (13) (quivered)
Scrolls
 f - a scroll of identify
 i - 3 scrolls of immolation {unknown}
 k - a scroll of vulnerability {unknown}
 m - 3 scrolls of noise {unknown}
 q - a scroll of torment {unknown}
 s - a scroll of brand weapon {unknown}
Potions
 d - a potion of haste
 e - 3 potions of heal wounds
 l - a potion of curing
 t - a potion of enlightenment


   Skills:
 - Level 1.1 Fighting
 - Level 1.7 Dodging
 - Level 3.0 Unarmed Combat
 + Level 7.5 Shapeshifting


You had 6 spell levels left.
You didn't know any spells.
Your spell library contained the following spells:

 Spells                   Type           Power      Damage    Failure   Level
 Necrotise                Necr           0%         1d4       36%         1
 Mercury Vapours          Alch/Air       0%         N/A       50%         2
 Scorch                   Fire           0%         2d5       50%         2
 Mephitic Cloud           Conj/Alch/Air  0%         N/A       75%         3
 Vampiric Draining        Necr           0%         2d6       75%         3
 Animate Dead             Necr           0%         N/A       98%         4
 Flame Wave               Conj/Fire      0%         2d4       98%         4
 Agony                    Necr           0%         N/A       100%        5
 Freezing Cloud           Conj/Ice/Air   0%         6-21      100%        5
 Summon Cactus Giant      Summ           0%         N/A       100%        6
 Haunt                    Necr/Summ      0%         N/A       100%        7
 Infestation              Necr           0%         N/A       100%        8


Dungeon Overview and Level Annotations

Branches:
Dungeon (3/15)

Altars:

Annotations:
D:3 Jessica


Innate Abilities, Weirdness & Mutations

You are a hulking beast.
Your limbs bulge with bestial killing power. (Slay +4)
You are flying.
You can spit globs of acid.
Your golden yellow scales are hard. (AC +6)
You cannot fit into any form of body armour.
You are cold-blooded and may be slowed by cold attacks.
You are resistant to acid. (rCorr)
Your large and strong wings let you fly.
Your tail ends in a venomous barb.
You are weak. (Str -2)
You expend magic power (3 MP) to strengthen your wands.


Message History

You hear some strange, mumbled words.
A magic dart appears from out of thin air!
The magic dart hits you.
You closely miss something.
Jessica gestures wildly while chanting.
Jessica blinks!
Something barely misses you.
You miss something. Jessica casts a spell at you.
Pain shoots through your body!
You hit something.
Reactivating autopickup.
You feel a bit more experienced.
Your Shapeshifting skill increases to level 7!
You have reached level 7!
Your scales start taking on a golden yellow colour.
You can spit globs of acid.
You feel resistant to acid. Jessica casts a spell at you.
Pain shoots through your body!
* * * LOW HITPOINT WARNING * * *
Jessica casts a spell.
Jessica blinks!
Jessica mumbles some strange words.
Jessica blinks!
Jessica is nearby!
You hit Jessica.
Jessica is moderately wounded.
Jessica hits you with a +0 club.
* * * LOW HITPOINT WARNING * * *
You closely miss Jessica.
Jessica is moderately wounded.
Jessica gestures wildly.
Jessica points at you and mumbles some strange words.
Pain shoots through your body!
* * * LOW HITPOINT WARNING * * *
Jessica barely misses you.
You punch Jessica!
Jessica is almost dead.
Jessica hits you with a +0 club.
You die...

#.........#...............#
#.........#...............#
###........@#...............#
............#...............#
#.........#.<.............#
#.........##...........>.##
#.....)...###.....#.....##
####.#########...########
#..# ####.h.........#
######.## ##...@#...).....#
..))....###..##.#.........#
####......................#
#8.............8.......#
#######'''######.......#
#.............#.......#
#....#####....#.......###
#.###.....###.##........#


You could see Jessica (fast).

Vanquished Creatures
  Sigmund (D:3)
  The ghost of Bobodoro the Sneak, an amateur HuDe (D:3)
  Ijyb (D:3)
  Terence (D:2)
  An orc wizard (D:3)
  Robin (D:3)
  3 gnolls (D:2)
  2 adders (D:2)
  2 worms (D:3)
  2 dart slugs
  14 orcs
  5 endoplasms
  5 giant cockroaches
  14 goblins
  12 hobgoblins
  A jackal (D:2)
  5 quokkas
  7 ball pythons
  6 bats
  2 frilled lizards (D:1)
  5 kobolds
  10 rats
101 creatures vanquished.

Notes
Turn   | Place    | Note
-------+----------+-------------------------------------------
     0 | D:1      | Sonofthefire the Draconian Shapeshifter began the quest for
                  | the Orb.
     0 | D:1      | Reached XP level 1. HP: 16/16 MP: 1/1
   164 | D:1      | Reached XP level 2. HP: 23/23 MP: 2/2
   784 | D:1      | Reached skill level 4 in Shapeshifting
   996 | D:2      | Reached XP level 3. HP: 28/28 MP: 3/3
  1027 | D:2      | Noticed Terence
  1049 | D:2      | Killed Terence
  1379 | D:2      | Reached XP level 4. HP: 33/35 MP: 4/4
  1628 | D:2      | Reached skill level 5 in Shapeshifting
  2280 | D:2      | Reached XP level 5. HP: 40/40 MP: 5/5
  2559 | D:3      | Noticed Ijyb
  2576 | D:3      | Killed Ijyb
  2863 | D:3      | Noticed Robin
  2869 | D:3      | Reached skill level 6 in Shapeshifting
  2899 | D:3      | Killed Robin
  3055 | D:3      | Found a runed translucent gate.
  3056 | D:3      | Found a runed translucent gate.
  3056 | D:3      | Identified the +5 chain mail "Raighoe" {rPois rCorr}
  3057 | D:3      | Found a runed translucent gate.
  3058 | D:3      | Noticed Bobodoro's ghost (amateur HuDe)
  3109 | D:3      | Gained mutation: You are weak. (Str -2) [potion of
                  | mutation]
  3109 | D:3      | Gained mutation: Your large and strong wings let you fly.
                  | [potion of mutation]
  3109 | D:3      | Gained mutation: Your tail ends in a venomous barb. [potion
                  | of mutation]
  3109 | D:3      | Gained mutation: You expend magic power (3 MP) to
                  | strengthen your wands. [potion of mutation]
  3162 | D:3      | Killed Bobodoro's ghost
  3163 | D:3      | Reached XP level 6. HP: 29/47 MP: 6/6
  3303 | D:3      | Noticed Jessica
  3304 | D:3      | Noticed Sigmund
  3318 | D:3      | Killed Sigmund
  3319 | D:3      | Reached skill level 7 in Shapeshifting
  3319 | D:3      | Your scales start taking on a golden yellow colour.
  3319 | D:3      | Reached XP level 7. HP: 23/52 MP: 7/7
  3319 | D:3      | Gained mutation: You are resistant to acid. (rCorr) [Yellow
                  | Draconian growth]
  3334 | D:3      | Slain by Jessica

Illustrated notes

Levels and vault maps discovered:
D:1:      amcnicky_arrival_gap_in_the_tavern_cellar, layout_basic,
          chequers_serial_rivers_room_a, chequers_serial_rivers_small_b
D:2:      layout_loops_corners, minmay_divided_ellipse, uniq_terence
D:3:      layout_rooms, biasface_ghost_orc_armoury, uniq_ijyb, uniq_sigmund,
          uniq_robin, uniq_jessica

Skill      XL: |  1  2  3  4  5  6 |
---------------+-------------------+-----
Shapeshifting  | 4 5 6 7 |  7.5
Fighting       | |  1.1
Dodging        | |  1.7
Unarmed Combat | |  3.0

Action                     |  1- 3 |  4- 6 |  7- 9 || total
---------------------------+-------+-------+-------++-------
  Melee: Unarmed           |    94 |   200 |     3 ||   297
         Punch             |     3 |     1 |       ||     4
         Tailslap          |     6 |    21 |       ||    27
  Evoke: Wand              |       |     1 |       ||     1
    Use: Scroll            |       |     5 |       ||     5
         Potion            |       |     4 |       ||     4
   Stab: Sleeping          |     1 |     1 |       ||     2
 Armour: Skin              |    49 |   103 |     2 ||   154
  Dodge: Dodged            |    56 |    83 |     1 ||   140
   Form: Beast             |     1 |       |       ||     1

Table legend: (Time is in decaauts)
 A = Elapsed time spent in this place.
 B = Non-inter-level travel time spent in this place.
 C = Inter-level travel time spent in this place.
 D = Time resting spent in this place.
 E = Time spent auto-exploring this place.
 F = Levels seen in this place.
 G = Mean time per level.
                   A        B        C        D        E       F      G
               +--------+--------+--------+--------+--------+-----+--------+
         Total |   3305 |   3230 |     75 |    625 |   1807 |   3 | 1101.7 |
       Dungeon |   3305 |   3230 |     75 |    625 |   1807 |   3 | 1101.7 |
               +--------+--------+--------+--------+--------+-----+--------+

Top non-repeatable levels by time:
     D:2: 1385 daAuts
     D:1: 1005 daAuts
     D:3: 914 daAuts
